 Dungeon Crawl Stone Soup version 0.19-a0-975-gfff5315 (webtiles) character file.

146 epen the Charmwright (level 5, -4/39 HPs)
             Began as a Merfolk Skald on July 13, 2016.
             Slain by an ogre
             ... wielding a +0 giant club
              (16 damage)
             ... on level 4 of the Dungeon.
             The game lasted 00:04:29 (3390 turns).

epen the Charmwright (Merfolk Skald)                Turns: 3390, Time: 00:04:31

Health: -4/39      AC:  7    Str: 16    XL:     5   Next: 28%
Magic:  16/18      EV: 12    Int: 11    God:
Gold:   167        SH:  0    Dex: 13    Spells: 3 memorised, 3 levels left

rFire  . . .     SeeInvis .     a - +0 spear
rCold  . . .     Gourm    .     g - +3 leather armour
rNeg   . . .     Faith    .     (no shield)
rPois  .         Spirit   .     i - +0 helmet
rElec  .         Dismiss  .     (no cloak)
rCorr  .         Reflect  .     (no gloves)
SustAt .         Harm     .     (no boots)
MR     .....                    (no amulet)
Stlth  +.........               u - ring of magical power
                                o - +2 ring of strength

@: not resistant to hostile enchantments, very unstealthy
A: change form in water, swift swim
a: no special abilities


You were on level 4 of the Dungeon.
You were not hungry.

You visited 1 branch of the dungeon, and saw 4 of its levels.

You collected 167 gold pieces.

Inventory:

Hand Weapons
 a - a +0 spear (weapon)
Armour
 b - a +0 leather armour
 g - a +3 leather armour (worn)
 i - a +0 helmet (worn)
Jewellery
 o - a +2 ring of strength (left hand)
 u - a ring of magical power (right hand)
 y - an uncursed ring of sustain attributes
Scrolls
 h - 2 scrolls of blinking {unknown}
 j - 2 scrolls of remove curse {unknown}
 k - a scroll of teleportation {unknown}
 l - a scroll of noise {unknown}
 n - 6 scrolls of identify {unknown}
 t - a scroll of magic mapping {unknown}
 v - a scroll of fog {unknown}
 x - a scroll of amnesia {unknown}
 B - a scroll of fear {unknown}
Potions
 e - a potion of curing {unknown}
 m - 2 potions of cure mutation {unknown}
 q - a potion of flight {unknown}
 r - 2 potions of lignification {unknown}
 w - 2 potions of degeneration {unknown}
 z - a potion of beneficial mutation {unknown}
Books
 c - a book of Battle

   Spells                             Type                      Level
   a - Infusion                       Charms                       1
   b - Shroud of Golubria             Charms/Translocation         2
   c - Song of Slaying                Charms                       2
   d - Spectral Weapon                Hexes/Charms                 3
   e - Regeneration                   Charms/Necromancy            3
Comestibles
 d - 7 bread rations
 f - a meat ration
 p - a slice of pizza
 s - 2 beef jerkies
 A - 3 fruits
 C - a chunk of flesh


   Skills:
 + Level 2.5 Fighting
 + Level 4.2 Polearms
 + Level 1.3 Armour
 + Level 2.6 Dodging
 * Level 2.7 Spellcasting
 * Level 4.4 Charms


You had 3 spell levels left.
You knew the following spells:

 Your Spells              Type           Power        Failure   Level  Hunger
a - Infusion              Chrm           ##..         6%          1    #......
b - Song of Slaying       Chrm           ##......     10%         2    ###....
c - Spectral Weapon       Hex/Chrm       #.......     47%         3    ###....


Dungeon Overview and Level Annotations

Branches:
Dungeon (4/15)
 Temple: D:4-7

Altars:
Gozag
Vehumet


Message History

You barely miss the ogre.
The ogre is heavily wounded.
You hit the ogre.
The ogre is heavily wounded.
The ogre barely misses you.
You barely miss the ogre.
The ogre is heavily wounded.
The ogre misses you.
You hit the ogre but do no damage.
The ogre is heavily wounded.
You barely miss the ogre.
The ogre is heavily wounded.
The ogre closely misses you.
You hit the ogre.
The ogre is severely wounded.
The ogre hits you with a giant club!
You hit the ogre.
The ogre is severely wounded.
The ogre hits you with a giant club!
You die...

#........†...........####
#......###.##.######.....
#.#........##.# ######
#.###########+## #....
#.# #...# #.### #.###
#..... #.### #.#.##
#...... #.#.#
...####....####.......
###....
..............@O......
+......
...####....####.......
####... ###>.# #......
##.# ##.# #..... ### #.#
#...# # #.# #+## # #.# #
#.# # #.# #


You could see an ogre.

Vanquished Creatures
  Robin (D:2)
  A gnoll (D:1)
  4 adders
  2 dart slugs
  2 worms
  2 giant geckos
  An orc (D:4)
  A ball python (D:1)
  2 giant cockroaches (D:3)
  12 goblins
  11 hobgoblins
  8 jackals
  5 kobolds
  4 quokkas
  8 bats
  5 rats
69 creatures vanquished.

Vanquished Creatures (others)
  A spectral weapon (D:4)
1 creature vanquished.

Grand Total: 70 creatures vanquished

Notes
Turn   | Place    | Note
-------+----------+-------------------------------------------
     0 | D:1      | epen the Merfolk Skald began the quest for the Orb.
     0 | D:1      | Reached XP level 1. HP: 16/16 MP: 3/3
   307 | D:1      | Reached XP level 2. HP: 22/22 MP: 5/5
   311 | D:1      | Learned a level 2 spell: Song of Slaying
   938 | D:2      | Reached XP level 3. HP: 27/27 MP: 6/6
   943 | D:2      | Learned a level 3 spell: Spectral Weapon
   957 | D:2      | Found a radiant altar of Vehumet.
  1103 | D:2      | Noticed Robin
  1645 | D:2      | Killed Robin
  1645 | D:2      | Reached skill level 1 in Armour
  1645 | D:2      | Reached XP level 4. HP: 22/34 MP: 5/7
  2441 | D:3      | Found an opulent altar of Gozag.
  2555 | D:3      | Reached XP level 5. HP: 38/39 MP: 9/9
  3378 | D:4      | Noticed an ogre
  3390 | D:4      | Slain by an ogre

Vault maps used:
D:1:      dpeg_arrival_simpleton_c
D:2:      lemuel_doored_altar, uniq_robin
D:3:      grunt_gozag_breadcrumbs, serial_co_window_serial,
          co_window_of_opportunity_a, co_window_of_opportunity_a,
          co_window_paths_a, co_window_corner_a, co_window_corner_a,
          co_window_cross_3, co_window_2corner, co_window_cross_4,
          co_window_4corner_b, co_window_sun
D:4:      nicolae_tso_besieged_by_evil

Skill      XL: |  1  2  3  4 |
---------------+-------------+-----
Charms         | 4 |  4.4
Dodging        | 2 |  2.6
Armour         | 1 |  1.3
Polearms       | 4 |  4.2
Fighting       | |  2.5
Spellcasting   | |  2.7

Action                   |  1- 3 |  4- 6 || total
-------------------------+-------+-------++-------
Melee: Spear             |   150 |   156 ||   306
 Cast: Infusion          |     2 |     2 ||     4
       Song of Slaying   |     1 |       ||     1
       Spectral Weapon   |       |     1 ||     1
 Stab: Sleeping          |     1 |       ||     1
       Distracted        |       |     1 ||     1
  Eat: Chunk             |     2 |     6 ||     8
Armor: Leather armour    |    57 |    51 ||   108
Dodge: Dodged            |    74 |    61 ||   135
